 Dungeon Crawl Stone Soup version bcrawl-1.40.1 (webtiles) character file.

Game seed: 12417021403931660558

281280 LaBretonne the Vandal (level 9, -2/69 HPs)
             Began as a Formicid Hunter on Oct 28, 2023.
             Was a Priest of Qazlal.
             Shot themself with a blast of rubble (14 damage)
             ... on level 6 of the Dungeon.
             The game lasted 00:12:48 (4632 turns).

LaBretonne the Vandal (Formicid Hunter)             Turns: 4632, Time: 00:12:49

Health: -2/69      AC:  4    Str: 17    XL:     9   Next: 12%
Magic:  12/12      EV: 14    Int: 11    God:    Qazlal [***...]
Gold:   78         SH:  4    Dex: 14    Spells: 8/8 levels left

rFire    . . .     GDR:     26% v - +2 arbalest (flame)
rCold    + . .     SeeInvis +   (no shield)
rNeg     . . .     Gourm    .   c - +1 leather armour
rPois    .         Faith    +   (helmet unavailable)
rElec    .         Spirit   .   m - scarf {repulsion}
rCorr    .         Reflect  .   (no gloves)
MR       .....                  (no boots)
Stlth    +.........             s - amulet of faith
HPRegen  0.21/turn              t - ring of protection from cold (curse)
MPRegen  0.13/turn              (no ring)

@: repel missiles
A: permanent stasis, dig shafts and tunnels, four strong arms, antennae 3
a: Dig, Shaft Self, Upheaval, Elemental Force, Renounce Religion


You were on level 6 of the Dungeon.
You worshipped Qazlal.
Qazlal was most pleased with you.
You were hungry.

You visited 1 branch of the dungeon, and saw 6 of its levels.

You collected 273 gold pieces.
You spent 195 gold pieces at shops.

Inventory:

Hand Weapons
 a - a +1 hunting sling
 b - a +0 short sword
 v - a +2 arbalest of flaming (weapon)
Missiles
 d - 161 sling bullets
 g - 594 arrows
 h - 1020 stones
 l - 298 bolts (quivered)
Armour
 c - a +1 leather armour (worn)
 m - a scarf of repulsion (worn)
Jewellery
 o - a +4 ring of dexterity {unknown}
 s - an amulet of faith (around neck)
 t - a cursed ring of protection from cold (left hand)
Wands
 f - a wand of paralysis (6)
Scrolls
 i - 5 scrolls of identify
 p - a scroll of enchant weapon
 q - 4 scrolls of remove curse
 w - a scroll of revelation
Potions
 j - a potion of lignification
 k - a potion of might
 n - 3 potions of curing
 r - a potion of brilliance {unknown}
 u - a potion of heal wounds
Comestibles
 e - 6 rations {!d}


   Skills:
 + Level 5.6 Fighting
 - Level 7.4 Slings
 * Level 4.4 Crossbows
 + Level 4.8 Dodging
 - Level 1.3 Stealth
 + Level 4.7 Invocations


You had 8 spell levels left.
You didn't know any spells.
Your spell library was empty.

Dungeon Overview and Level Annotations

Branches:
Dungeon (6/12)
 Temple: D:4-7

Altars:
Qazlal

Shops:
D:4 (=[=   D:5 (   D:6 (

Annotations:
D:6 Prince Ribbit


Innate Abilities, Weirdness & Mutations

You cannot be hasted, slowed, berserked, paralysed or teleported.
You can dig through walls and to a lower floor.
Your four strong arms can wield two-handed weapons with a shield.
You have a pair of large antennae on your head. (SInv)


Message History

You hear a bark!
Firing (i - inventory. (/) - cycle)
l - 299 bolts (quivered)
Press: ? - help, Shift-Dir - straight line, f - Prince Ribbit
Aim: Prince Ribbit You shoot a bolt.
The bolt hits Prince Ribbit.
Prince Ribbit is lightly wounded.
You hear an angry hiss.
Prince Ribbit hits you!
* * * LOW HITPOINT WARNING * * *
Prince Ribbit closely misses you.
Prince Ribbit hits you but does no damage.
Aiming: Upheaval
Press: ? - help, Dir - move target cursor, f/p - Prince Ribbit
Aim: Prince Ribbit That beam is likely to hit you.
Continue anyway?
The ground shakes violently, spewing rubble!
The blast of rubble hits Prince Ribbit!
Prince Ribbit is moderately wounded.
The blast of rubble hits you!
You die...

#......8.....#
#.##.##<...#.#
# #.8.∩.8.#.#
####....#.#
#8...#.#
#....#.#
#....#.#
##...§#.#
#.....@.# {
#....F###
#.####. {


You could see Prince Ribbit.

Vanquished Creatures
  2 hippogriffs
  A water moccasin (D:5)
  An ice beast (D:4)
  A sky beast (D:4)
  3 ogres
  A centaur (D:5)
  2 howler monkeys
  3 orc priests (D:5)
  A crimson imp (D:5)
  A hound (D:4)
  A bullfrog skeleton (D:4)
  An orc wizard (D:5)
  2 worker ants (D:4)
  A hound skeleton (D:5)
  7 adders
  2 shadow imps
  2 oozes
  2 adder zombies (D:5)
  2 adder skeletons
  5 worms
  6 dart slugs
  7 leopard geckos
  7 orcs
  12 bats
  3 giant cockroaches
  10 hobgoblins
  15 jackals
  2 quokkas
  A ball python (D:1)
  6 frilled lizards
  11 goblins
  7 kobolds
  4 rats
132 creatures vanquished.

Notes
Turn   | Place    | Note
-------+----------+-------------------------------------------
     0 | D:1      | LaBretonne the Formicid Hunter began the quest for the Orb.
     0 | D:1      | Reached XP level 1. HP: 16/16 MP: 1/1
   123 | D:1      | Reached XP level 2. HP: 22/22 MP: 2/2
   361 | D:1      | Reached skill level 5 in Slings
   361 | D:1      | Reached XP level 3. HP: 28/28 MP: 3/3
  1272 | D:2      | Reached XP level 4. HP: 32/34 MP: 4/4
  1415 | D:2      | Found a faded altar of an unknown god.
  1486 | D:2      | Prayed at the altar of an unknown god.
  1486 | D:2      | Became a worshipper of Qazlal Stormbringer
  1486 | D:2      | Reached * piety under Qazlal
  1914 | D:2      | Reached XP level 5. HP: 41/41 MP: 5/5
  2278 | D:3      | Reached ** piety under Qazlal
  2294 | D:3      | Reached skill level 6 in Slings
  2812 | D:4      | Reached XP level 6. HP: 43/47 MP: 6/6
  2870 | D:4      | Reached skill level 1 in Invocations
  2994 | D:4      | Noticed an ogre
  3023 | D:4      | Killed an ogre
  3053 | D:4      | Found Xuiw Camnupt's Antique Armour Emporium.
  3072 | D:4      | Found Loecki's Jewellery Shoppe.
  3085 | D:4      | Reached XP level 7. HP: 51/53 MP: 8/8
  3112 | D:4      | Reached *** piety under Qazlal
  3125 | D:4      | Reached skill level 7 in Slings
  3192 | D:4      | Found Jackoate's Antique Weapon Shoppe.
  3212 | D:4      | Bought a runed arbalest for 195 gold pieces
  3453 | D:4      | Found Vifol's Jewellery Boutique.
  3736 | D:5      | Entered Level 5 of the Dungeon
  3769 | D:5      | Noticed a water moccasin
  3772 | D:5      | Killed a water moccasin
  3773 | D:5      | Reached skill level 1 in Crossbows
  3773 | D:5      | Reached XP level 8. HP: 61/61 MP: 10/10
  3807 | D:5      | Noticed a hippogriff
  3812 | D:5      | Killed a hippogriff
  3814 | D:5      | Reached skill level 5 in Fighting
  4360 | D:5      | Found Vepiugo's Antique Weapon Shop.
  4583 | D:6      | Found Toczyun's Antique Weapon Shoppe.
  4605 | D:6      | Reached XP level 9. HP: 68/68 MP: 12/12
  4625 | D:6      | Noticed a hippogriff
  4630 | D:6      | Killed a hippogriff
  4630 | D:6      | Noticed Prince Ribbit
  4632 | D:6      | Shot themself with a blast of rubble

Skill      XL: |  1  2  3  4  5  6  7  8 |
---------------+-------------------------+-----
Dodging        | 2 3 4 |  4.8
Slings         | 5 6 7 |  7.4
Fighting       | 3 4 5 |  5.6
Invocations    | 1 3 4 |  4.7
Crossbows      | 1 4 |  4.4
Stealth        | |  1.3

Action                   |  1- 3 |  4- 6 |  7- 9 || total
-------------------------+-------+-------+-------++-------
 Fire: Hunting sling     |    98 |   244 |    31 ||   373
       Arbalest          |       |       |    81 ||    81
Throw: Stone             |       |     3 |       ||     3
Invok: Upheaval          |       |       |     1 ||     1
  Use: Scroll            |       |     7 |     5 ||    12
       Potion            |       |     2 |       ||     2
  Eat: Chunk             |     3 |    12 |     8 ||    23
Armor: Leather armour    |     7 |    14 |    12 ||    33
Dodge: Dodged            |    13 |    48 |    43 ||   104
       Deflected         |       |       |     3 ||     3
Block: Other             |       |     3 |    14 ||    17
